 Dungeon Crawl Stone Soup version 0.23-a0-512-g50a8178 (webtiles) character file.

77 theanonym the Skirmisher (level 4, -3/35 HPs)
             Began as a Mummy Warper on Dec 4, 2018.
             Killed from afar by an orc wizard (7 damage)
             ... with a puff of flame
             ... on level 3 of the Dungeon.
             The game lasted 00:02:15 (2383 turns).

theanonym the Skirmisher (Mummy Warper)             Turns: 2383, Time: 00:02:17

Health: -3/35      AC:  8    Str: 15    XL:     4   Next: 13%
Magic:  8/8        EV:  8    Int: 12    God:
Gold:   173        SH:  3    Dex: 11    Spells: 8/8 levels left

rFire    x . .     SeeInvis .   a - +0 mace
rCold    + . .     Gourm    .   g - +0 buckler {reflect}
rNeg     + + +     Faith    .   h - +0 scale mail
rPois    ∞         Spirit   .   c - +0 helmet
rElec    .         Reflect  +   (no cloak)
rCorr    .         Harm     .   (no gloves)
MR       .....                  m - +0 pair of boots
Stlth    ..........             d - amulet of rage
HPRegen  0.11/turn              (no ring)
MPRegen  0.11/turn              (no ring)

@: no status effects
A: no food or potions, fire vulnerability, cold resistance 1, negative energy
resistance 3, torment resistance, unbreathing
a: no special abilities


Innate Abilities, Weirdness & Mutations

You do not eat or drink.
Your flesh is vulnerable to fire.
You are immune to poison.
Your flesh is cold resistant. (rC+)
You are immune to negative energy. (rN+++)
You are immune to unholy pain and torment.
You can survive without breathing.


   Skills:
 + Level 3.4 Fighting
 + Level 2.8 Maces & Flails
 - Level 0.7 Throwing
 - Level 0.7 Armour
 - Level 1.5 Dodging
 + Level 0.0 Shields
 - Level 2.6 Spellcasting
   Level 2.4 Translocations


You had 8 spell levels left.
You didn't know any spells.
Your spell library contained the following spells:

 Spells                   Type           Power        Failure   Level  Hunger
 Apportation              Tloc           #.....       54%         1    N/A
 Blink                    Tloc           N/A          67%         2    N/A
 Shroud of Golubria       Chrm/Tloc      #.........   85%         2    N/A
 Animate Skeleton         Necr           N/A          86%         1    N/A
 Confusing Touch          Hex            #.....       86%         1    N/A
 Summon Small Mammal      Summ           #...         86%         1    N/A
 Gell's Gravitas          Tloc           #.........   88%         3    N/A
 Lesser Beckoning         Tloc           #.........   88%         3    N/A
 Teleport Other           Tloc           #.......     88%         3    N/A
 Passage of Golubria      Tloc           N/A          99%         4    N/A

Skill      XL: |  1  2  3 |
---------------+----------+-----
Maces & Flails | 2 |  2.8
Fighting       | 3 |  3.4
Throwing       | |  0.7
Armour         | |  0.7
Dodging        | |  1.5
Spellcasting   | |  2.6
Translocations | |  2.4

Action                   |  1- 3 |  4- 6 || total
-------------------------+-------+-------++-------
Melee: Mace              |   134 |    33 ||   167
  Use: Scroll            |     5 |       ||     5
Armor: Ring mail         |    37 |       ||    37
       Leather armour    |     2 |       ||     2
       Scale mail        |    41 |    20 ||    61
Dodge: Dodged            |    86 |     2 ||    88
Block: Buckler           |       |     2 ||     2

Inventory:

Hand Weapons
 a - a +0 mace (weapon)
Missiles
 e - 5 tomahawks of dispersal (quivered)
Armour
 c - a +0 helmet (worn)
   (You found it on level 1 of the Dungeon)
 f - a +0 ring mail
   (You found it on level 1 of the Dungeon)
 g - a +0 buckler of reflection (worn)
   (You found it on level 3 of the Dungeon)
 h - a +0 scale mail (worn)
   (You found it on level 1 of the Dungeon)
 m - a +0 pair of boots (worn)
   (You found it on level 2 of the Dungeon)
Jewellery
 b - an uncursed ring of ice
   (You found it on level 2 of the Dungeon)
 d - an amulet of rage (around neck)
   (You found it on level 3 of the Dungeon)
 i - an uncursed amulet of inaccuracy
   (You found it on level 2 of the Dungeon)
Scrolls
 n - a scroll of remove curse
 r - a scroll of identify
 B - 2 scrolls of blinking


You were on level 3 of the Dungeon.
You were not hungry.

You visited 1 branch of the dungeon, and saw 3 of its levels.

You collected 173 gold pieces.

Dungeon Overview and Level Annotations

Branches:
Dungeon (3/15)

Altars:
The Shining One

#########..##......###.#
#.............# #.#
#.###..#.###### ### #
##.#.# #...# ##..# #..#
##.# #@# #{# #o# #o#
#o....... #..####.. #...
#...# #..>#


You could see 3 orcs.

Notes
Turn   | Place    | Note
-------+----------+-------------------------------------------
     0 | D:1      | theanonym the Mummy Warper began the quest for the Orb.
     0 | D:1      | Reached XP level 1. HP: 16/16 MP: 4/4
   158 | D:1      | HP: 8/17 [leopard gecko (1)]
   163 | D:1      | HP: 8/17 [leopard gecko (1)]
   164 | D:1      | Reached skill level 2 in Maces & Flails
   164 | D:1      | Reached XP level 2. HP: 11/23 MP: 5/5
   445 | D:1      | HP: 11/23 [frilled lizard (2)]
  1291 | D:2      | Reached XP level 3. HP: 16/28 MP: 7/7
  1505 | D:2      | Found a glowing golden altar of the Shining One.
  1598 | D:2      | Reached skill level 3 in Fighting
  2040 | D:2      | Reached XP level 4. HP: 29/35 MP: 8/8
  2368 | D:3      | HP: 16/35 [something/magic dart (3)]
  2376 | D:3      | HP: 14/35 [something (1)]
  2381 | D:3      | HP: 7/35 [something/puff of frost (2)]
  2383 | D:3      | Killed from afar by an orc wizard

Vanquished Creatures
  A hound (D:2)
  An adder (D:2)
  A dart slug (D:2)
  2 leopard geckos (D:1)
  An orc (D:3)
  4 bats
  A giant cockroach (D:2)
  5 goblins
  3 hobgoblins
  2 quokkas (D:2)
  3 frilled lizards (D:1)
  5 kobolds
  4 rats
33 creatures vanquished.

Vanquished Creatures (others)
  A rat (D:3)
1 creature vanquished.

Grand Total: 34 creatures vanquished

Table legend:
 A = Turns spent in this place as a percentage of turns spent in the entire game.
 B = Non-inter-level travel turns spent in this place as a percentage of non-inter-level travel turns spent in the entire game.
 C = Inter-level travel turns spent in this place as a percentage of turns spent in this place.
 D = Turns resting spent in this place as a percentage of non-inter-level travel turns spent in this place.
 E = Turns spent auto-exploring this place as a percentage of non-inter-level travel turns spent in this place.
 F = Non-inter-level travel turns spent in this place divided by the number of levels of this place that you've seen.
                   A       B       C       D       E      F
               +-------+-------+-------+-------+-------+----------------------
         Total | 100.0 | 100.0 |   2.8 |  31.5 |  54.1 | 772.3
       Dungeon | 100.0 | 100.0 |   2.8 |  31.5 |  54.1 | 772.3
               +-------+-------+-------+-------+-------+----------------------
